 Dungeon Crawl Stone Soup version 0.18-a0-1670-gb40d73e (webtiles) character file.

6395 xeno23 the Grappler (level 10, -7/78 HPs)
             Began as a Troll Chaos Knight on Apr 1, 2016.
             Engulfed by a fire crab (glowing shapeshifter)'s flame (13 damage)
             ... on level 10 of the Dungeon.
             The game lasted 00:43:56 (6417 turns).

xeno23 the Grappler (Troll Chaos Knight)            Turns: 6417, Time: 00:43:56

Health: -7/78      AC:  7    Str: 22    XL:     10   Next: 66%
Magic:  9/9        EV: 11    Int: 12    God:    Xom [*.....]
Gold:   93         SH: 16    Dex: 11    Spells: 0 memorised, 9 levels left

rFire  . . .     SeeInvis .       - Unarmed
rCold  + . .     Gourm    +     a - +2 robe
rNeg   . . .     Faith    .     d - +1 shield
rPois  .         Spirit   .     M - +0 hat
rElec  .         Dismiss  .     B - +0 cloak
rCorr  .         Reflect  +     (gloves unavailable)
SustAt .         Harm     .     (boots unavailable)
MR     .....                    p - +5 amulet of reflection
Stlth  +.........               q - ring of protection from cold
                                y - +5 ring of intelligence

@: about to teleport, not resistant to hostile enchantments, very unstealthy
A: unfitting armour, claws 3, hooves 1, deformed body, dopey 1, fast metabolism
3, frail 2, gourmand, regeneration 2, shaggy fur 1, tough skin 2
a: Renounce Religion


You were on level 10 of the Dungeon.
You worshipped Xom.
You were a special plaything of Xom.
You were full.

You visited 1 branch of the dungeon, and saw 10 of its levels.

You collected 341 gold pieces.
You spent 248 gold pieces at shops.

Inventory:

Hand Weapons
 E - a +5 giant club of chaos
Missiles
 o - 4 javelins (quivered)
Armour
 a - a +2 robe (worn)
 d - a +1 shield (worn)
 B - a +0 cloak (worn)
 M - a +0 hat (worn)
 O - a +0 leather armour
Jewellery
 p - a +5 amulet of reflection (around neck)
 q - a ring of protection from cold (right claw)
 y - a +5 ring of intelligence (left claw)
 P - an uncursed ring of fire
Wands
 A - a wand of digging (24/24)
 H - a wand of flame (20/48)
 L - a wand of polymorph (14/24)
 N - a wand of slowing (35/48)
 Q - a wand of flame (15/48)
Scrolls
 g - 2 scrolls of fear {unknown}
 h - 2 scrolls of random uselessness {unknown}
 i - 3 scrolls of identify
 j - 3 scrolls of enchant armour
 n - 2 scrolls of enchant weapon
 t - 3 scrolls of recharging
 w - 2 scrolls of teleportation
 C - a scroll of brand weapon {unknown}
 D - a scroll of noise {unknown}
 G - a scroll of blinking {unknown}
 J - a scroll of remove curse {unknown}
 K - a scroll of amnesia {unknown}
Potions
 c - a potion of heal wounds
 e - 3 potions of brilliance
 l - a potion of cure mutation {unknown}
 m - a potion of flight {unknown}
 r - 3 potions of magic
 u - a potion of cancellation {unknown}
 v - 2 potions of resistance {unknown}
 x - 5 potions of curing {unknown}
 z - a potion of invisibility {unknown}
 I - 4 potions of degeneration {unknown}
Comestibles
 b - 4 bread rations
 f - 4 beef jerkies
 k - 4 royal jellies
 s - 7 meat rations
 F - 24 fruits


   Skills:
 + Level 5.7 Fighting
 + Level 5.2 Throwing
 + Level 5.3 Dodging
 * Level 7.2 Shields
 * Level 9.5 Unarmed Combat


You had 9 spell levels left.
You didn't know any spells.

Dungeon Overview and Level Annotations

Branches:
Dungeon (10/15)            Temple (0/1) D:6            Lair (0/8) D:10
    Orc (0/2) D:9

Altars:
Ashenzari
Elyvilon
Fedhas
Gozag
Kikubaaqudgha
Makhleb
Pakellas
Ru
Sif Muna
Trog
Xom
Yredelemnul
The Shining One
Jiyva

Shops:
D:9 *


Innate Abilities, Weirdness & Mutations

You are too large for most types of armour.
You have claws for hands.
Your metabolism is lightning-fast.
You like to eat raw meat.
You heal very quickly.
You are covered in fur (AC +1).
You have very tough skin (AC +2).
You have large cloven feet.
Armour fits poorly on your strangely shaped body.
You are dopey. (Int -2)
You are very frail (-20% HP).


Message History

You feel strangely unstable. The fire crab breathes flames at you.
The blast of flame engulfs you!
* * * LOW HITPOINT WARNING * * *
You take 6 damage.
Drink which item? (? for menu, Esc to quit)
You feel much better.
You are engulfed in roaring flames.
* * * LOW HITPOINT WARNING * * *
You hear a distant slurping noise.
Your shield prevents you from hitting the fire crab.
You kick the fire crab, but do no damage.
You are engulfed in roaring flames.
* * * LOW HITPOINT WARNING * * *
You block the fire crab's attack. The fire crab barely misses you.
You take 11 damage.
You scratch the fire crab but do no damage.
You kick the fire crab, but do no damage.
You are engulfed in roaring flames.
You die...
Xom bursts into laughter!

#........# #.
#........# ####.
#..>.....#######....
#........##.........
#..§§.......####....
#.§§§....#### #....
###§###### #....
##§# ##### #§@# #
#t## * *# #.# . #†#
* #..........* +##
#.......... ..
#.......... ..
........... ..
##.......... ..


You could see a fire crab shaped shifter.

Vanquished Creatures
  A deep elf mage (D:8)
  A gargoyle (D:10)
  A troll (D:9)
  A two-headed ogre (D:8)
  A wyvern (D:9)
  2 yaks (D:10)
  2 hell hounds (D:10)
  4 orc warriors
  2 phantoms
  5 sky beasts
  3 ice beasts
  A black bear (D:5)
  2 necrophages
  5 ogres
  A centaur (D:8)
  3 big kobolds
  7 giant frogs
  A killer bee (D:10)
  3 crimson imps
  A quasit (D:5)
  2 giant frog skeletons
  7 hounds
  4 jellies
  4 orc wizards
  5 iguanas
  5 worker ants
  Natasha (twice) (D:2)
  A killer bee zombie (D:9)
  A hound zombie (D:8)
  2 howler monkey zombies
  Robin (D:2)
  14 adders
  14 gnolls
  2 shadow imps
  A giant eyeball (D:6)
  3 oozes (D:2)
  6 worms
  2 dart slugs
  7 giant geckos
  26 orcs
  4 ball pythons
  2 giant cockroaches
  16 goblins
  9 hobgoblins
  8 jackals
  19 kobolds
  8 quokkas
  3 bats
  A giant gecko skeleton (D:7)
  4 giant newts
  A quokka skeleton (D:6)
  6 rats
237 creatures vanquished.

Vanquished Creatures (collateral kills)
  The ghost of ilikecats the Carver, a novice HuAK of Lugonu (D:9)
  2 jellies (D:9)
  A worker ant (D:8)
  An orc (D:9)
5 creatures vanquished.

Vanquished Creatures (others)
  A yak (D:7)
1 creature vanquished.

Grand Total: 243 creatures vanquished

Notes
Turn   | Place    | Note
--------------------------------------------------------------
     0 | D:1      | xeno23 the Troll Chaos Knight began the quest for the Orb.
     0 | D:1      | Reached XP level 1. HP: 22/22 MP: 0/0
     2 | D:1      | Noticed a ghoul
     2 | D:1      | Noticed a tengu
     4 | D:1      | Noticed a halfling
     6 | D:1      | Noticed an octopode
     8 | D:1      | Noticed a spriggan
     8 | D:1      | Noticed an elf
    10 | D:1      | Noticed a naga
    12 | D:1      | Noticed a centaur
    12 | D:1      | Noticed a troll
    14 | D:1      | Noticed a gargoyle
    16 | D:1      | Noticed a draconian
    16 | D:1      | Noticed a vine stalker
    18 | D:1      | Noticed a demonspawn
    18 | D:1      | Noticed a minotaur
    20 | D:1      | Noticed an ogre
    20 | D:1      | Noticed a formicid
    22 | D:1      | Noticed a human
    22 | D:1      | Noticed a demigod
    24 | D:1      | Noticed a dwarf
    24 | D:1      | Noticed a felid
    26 | D:1      | Noticed a vampire
    26 | D:1      | Noticed a merfolk
   104 | D:1      | Reached XP level 2. HP: 27/29 MP: 1/1
   248 | D:1      | XOM: mild Tloc miscast
   479 | D:1      | XOM is BORED!
   479 | D:1      | XOM: medium Pois miscast
   561 | D:2      | Reached XP level 3. HP: 35/36 MP: 2/2
   564 | D:2      | XOM: potion effect (agility)
   565 | D:2      | Reached skill level 1 in Shields
   609 | D:2      | Noticed Robin
   619 | D:2      | Killed Robin
   662 | D:2      | Reached XP level 4. HP: 44/44 MP: 3/3
   666 | D:2      | Found a shattered altar of Ashenzari.
   796 | D:2      | XOM: snakes to sticks
   799 | D:2      | Noticed Natasha
   802 | D:2      | Killed Natasha
  1068 | D:2      | Reached skill level 4 in Unarmed Combat
  1083 | D:2      | XOM: cast spell 'Summon Butterflies'
  1086 | D:2      | XOM: swap monsters
  1128 | D:2      | XOM: colour smoke trail
  1299 | D:2      | Noticed Natasha
  1300 | D:2      | XOM: silly message
  1315 | D:2      | Killed Natasha
  1315 | D:2      | Reached XP level 5. HP: 36/53 MP: 4/4
  1380 | D:3      | XOM: mild Divn miscast
  1409 | D:3      | Found a faded altar to an unknown god.
  1490 | D:3      | XOM: harmless Conj miscast
  1499 | D:3      | Found a blossoming altar of Fedhas.
  1561 | D:3      | XOM: harmless Ice miscast
  1765 | D:4      | Noticed an ogre
  1772 | D:4      | Killed an ogre
  1772 | D:4      | Reached XP level 6. HP: 61/61 MP: 5/5
  1822 | D:4      | Found a deep blue altar of Sif Muna.
  2000 | D:4      | XOM: god gift: scroll labeled ZOOTOY WAWAO
  2038 | D:4      | XOM: swap monsters
  2043 | D:4      | XOM: summons friendly quasit
  2062 | D:4      | Reached skill level 1 in Throwing
  2366 | D:4      | Reached skill level 5 in Unarmed Combat
  2369 | D:4      | Reached XP level 7. HP: 58/67 MP: 6/6
  2436 | D:5      | Entered Level 5 of the Dungeon
  2473 | D:5      | XOM: swap monsters
  2475 | D:5      | XOM: medium Pois miscast
  2742 | D:5      | Found a burning altar of Makhleb.
  2755 | D:5      | Found a sacrificial altar of Ru.
  2780 | D:5      | Reached XP level 8. HP: 78/78 MP: 7/7
  2811 | D:5      | Reached skill level 6 in Unarmed Combat
  3074 | D:5      | XOM: colour smoke trail
  3250 | D:5      | XOM: cast spell 'Statue Form'
  3333 | D:5      | XOM: harmless Trmt miscast
  3454 | D:6      | Found a shimmering altar of Xom.
  3504 | D:6      | XOM: polymorph jackal -> giant eyeball
  3505 | D:6      | XOM: harmless Summ miscast
  3509 | D:6      | Found an opulent altar of Gozag.
  3628 | D:6      | XOM: god gift: 22 gold pieces
  3682 | D:6      | Found a staircase to the Ecumenical Temple.
  3718 | D:6      | Found a basalt altar of Yredelemnul.
  3776 | D:6      | Found a white marble altar of Elyvilon.
  3902 | D:7      | XOM: summons 4 hostile demons
  3996 | D:7      | Reached skill level 7 in Unarmed Combat
  4124 | D:7      | Reached skill level 5 in Shields
  4124 | D:7      | Reached XP level 9. HP: 85/85 MP: 8/8
  4129 | D:7      | XOM: silly message
  4150 | D:7      | Found an oddly glowing altar of Pakellas.
  4150 | D:7      | Noticed an orange crystal statue
  4438 | D:7      | Found a bloodstained altar of Trog.
  4473 | D:8      | XOM: stealth player
  4662 | D:8      | XOM: blink monster(s)
  4678 | D:8      | XOM: chaos upgrade
  4866 | D:8      | XOM: summons friendly shadow imp
  4952 | D:8      | Reached skill level 8 in Unarmed Combat
  5102 | D:8      | XOM: give mutation
  5102 | D:8      | Gained mutation: You have large cloven feet. [Xom's grace]
  5142 | D:8      | Noticed a deep elf mage
  5149 | D:8      | Killed a deep elf mage
  5149 | D:8      | Reached skill level 5 in Fighting
  5381 | D:8      | XOM: give mutations
  5381 | D:8      | Gained mutation: You are dopey. (Int -2) [Xom's mischief]
  5381 | D:8      | Gained mutation: You are frail (-10% HP). [Xom's mischief]
  5381 | D:8      | Gained mutation: You are very frail (-20% HP). [Xom's mischief]
  5381 | D:8      | Gained mutation: Armour fits poorly on your strangely shaped body. [Xom's mischief]
  5412 | D:9      | Found Hootiquf's Assorted Antiques.
  5420 | D:9      | Bought a glowing sapphire potion for 28 gold pieces
  5420 | D:9      | Bought a viscous green potion for 28 gold pieces
  5420 | D:9      | Bought a scroll labeled JAPNONUDUD for 32 gold pieces
  5420 | D:9      | Bought a scroll labeled XOSTUL WACSAU for 32 gold pieces
  5420 | D:9      | Bought a hat for 128 gold pieces
  5438 | D:9      | XOM: swap monsters
  5479 | D:9      | Found a staircase to the Orcish Mines.
  5582 | D:9      | Found a viscous altar of Jiyva.
  5585 | D:9      | XOM: confuse monster(s)
  5587 | D:9      | Noticed ilikecats's ghost (novice HuAK)
  5587 | D:9      | XOM: summons 9 friendly demons
  5608 | D:9      | Killed ilikecats's ghost
  5608 | D:9      | Reached XP level 10. HP: 61/76 MP: 9/9
  5619 | D:9      | XOM: scenery: create altars
  5664 | D:9      | XOM: summons friendly shadow imp
  5701 | D:9      | Found an ancient bone altar of Kikubaaqudgha.
  5817 | D:9      | Reached skill level 9 in Unarmed Combat
  5913 | D:9      | XOM: god gift: tubular opal ring {god gift}
  5976 | D:9      | Reached skill level 5 in Dodging
  6020 | D:9      | Found a glowing golden altar of the Shining One.
  6056 | D:10     | Entered Level 10 of the Dungeon
  6100 | D:10     | Found a staircase to the Lair.
  6102 | D:10     | XOM: divination: detect creatures
  6172 | D:10     | XOM: divination: magic mapping
  6228 | D:10     | Reached skill level 5 in Throwing
  6256 | D:10     | XOM: confuse monster(s)
  6288 | D:10     | XOM: polymorph gnoll sergeant -> killer bee
  6360 | D:10     | Noticed a gargoyle
  6362 | D:10     | Killed a gargoyle
  6405 | D:10     | Noticed a fire crab
  6405 | D:10     | a yak changed into a fire crab
  6405 | D:10     | XOM: polymorph yak -> fire crab
  6409 | D:10     | a fire crab changed into a yaktaur
  6410 | D:10     | Noticed a death drake
  6410 | D:10     | a yaktaur changed into a death drake
  6411 | D:10     | Noticed a fire crab
  6411 | D:10     | a death drake changed into a fire crab
  6412 | D:10     | XOM: noise
  6417 | D:10     | Engulfed by a fire crab (glowing shapeshifter)'s flame

Vault maps used:
D:1:      kb_arrival_jail
D:2:      lemuel_round_altar, uniq_natasha, uniq_robin
D:3:      lemuel_crystal_altar, ecumenical_altar_2, first_bread
D:4:      lemuel_blue_sif_altar
D:5:      black_bear_nest_1, lemuel_crystal_altar, minmay_misc_feat_five,
          nicolae_ru_sacrificial_ziggurat
D:6:      nicolae_overflow_crystal_walls, lemuel_crystal_altar, tgw_xom,
          kennysheep_mini, temple_hall_moat
D:7:      gammafunk_pakellas_statue_experiment, lemuel_doored_altar
D:8:      blue_anna_alchemist, guppyfry_early_elven_hall
D:9:      kennysheep_little_box, kiku_gazebo_pond_becter, orc_0_dummy,
          serial_shops, shop, jiyva_altar_1
D:10:     minmay_lair_entry_lava

Skill      XL: |  1  2  3  4  5  6  7  8  9 10 |
---------------+-------------------------------+-----
Dodging        | 2 3 4 5 |  5.3
Shields        | 1 2 3 5 6 7 |  7.2
Fighting       | 3 4 5 |  5.7
Unarmed Combat | 4 5 7 8 9 |  9.5
Throwing       | 1 2 3 4 5 |  5.2

Action                   |  1- 3 |  4- 6 |  7- 9 | 10-12 || total
-------------------------+-------+-------+-------+-------++-------
Melee: Unarmed           |    80 |   211 |   428 |   189 ||   908
Throw: Javelin           |       |     6 |       |       ||     6
  Use: Scroll            |       |       |     7 |     2 ||     9
       Potion            |       |       |       |     1 ||     1
 Stab: Sleeping          |       |     2 |       |       ||     2
  Eat: Chunk             |    12 |    16 |    30 |     5 ||    63
